 Dungeon Crawl Stone Soup version 0.29.1-2-gbd0b4ee654 (webtiles) character file.

Game seed: 5867803042077867413

189 cdecastro the Digger (level 5, -4/28 HPs)
             Began as a Gargoyle Earth Elementalist on Nov 21, 2022.
             Was an Initiate of Vehumet.
             Slain by a gnoll bouda
             ... wielding a +0 whip
              (7 damage)
             ... on level 4 of the Dungeon.
             The game lasted 00:05:28 (3128 turns).

cdecastro the Digger (Gargoyle Earth Elementalist)  Turns: 3128, Time: 00:05:29

Health: -4/28      AC:  6    Str: 11    XL:     5   Next: 68%
Magic:  7/8        EV: 11    Int: 18    God:    Vehumet [......]
Gold:   80         SH:  0    Dex: 10    Spells: 4/8 levels left

rFire   . . .      SeeInvis .   b - +1 whip (venom)
rCold   . . .      Faith    .   (no shield)
rNeg    + . .      Spirit   .   i - +0 robe
rPois   ∞          Reflect  .   (no helmet)
rElec   +          Harm     .   (no cloak)
rCorr   .          Rampage  .   (no gloves)
Will    .....                   (no boots)
Stlth   ++........              (no amulet)
HPRegen 0.09/turn               (no ring)
MPRegen 0.11/turn               (no ring)

@: weakened
A: sickness immunity, AC +4, negative energy resistance 1, electricity
resistance, torment resistance 1, petrification resistance
a: Renounce Religion


You were on level 4 of the Dungeon.
You worshipped Vehumet.
Vehumet was noncommittal.
You visited 2 branches of the dungeon, and saw 5 of its levels.

You collected 130 gold pieces.
You spent 50 gold pieces at shops.

Inventory:

Hand Weapons
 a - a +0 sling
 b - a +1 whip of venom (weapon)
 d - a +0 dagger
Armour
 i - a +0 robe (worn)
Jewellery
 g - an amulet of guardian spirit
 h - a ring of see invisible
 q - an amulet of reflection
Wands
 l - a wand of charming (3)
Scrolls
 e - 2 scrolls of enchant armour {unknown}
 f - 5 scrolls of identify
 k - a scroll of poison {unknown}
 m - a scroll of teleportation
Potions
 c - a potion of heal wounds {unknown}
 j - a potion of invisibility {unknown}
 n - 2 potions of magic
 o - 2 potions of curing {unknown}
 p - a potion of ambrosia {unknown}


   Skills:
 - Level 1.5 Dodging
 - Level 2.1 Stealth
 - Level 2.0 Spellcasting
 - Level 0.7 Transmutations
 + Level 7.4 Earth Magic


You had 4 spell levels left.
You knew the following spells:

 Your Spells              Type           Power      Damage    Failure   Level
a - Sandblast             Erth           56%        2d13      1%          1
b - Stone Arrow           Conj/Erth      30%        3d8       12%         3

Your spell library contained the following spells:

 Spells                   Type           Power      Damage    Failure   Level
 Passwall                 Tmut/Erth      13%        N/A       4%          2
 Scorch                   Fire           2%         2d5       26%         2
 Petrify                  Tmut/Erth      16%        N/A       32%         4
 Flame Wave               Conj/Fire      1%         2d4       87%         4
 Summon Cactus Giant      Summ           0%         N/A       100%        6


Dungeon Overview and Level Annotations

Branches:
Dungeon (4/15)             Temple (1/1) D:4

Altars:
Cheibriados
Dithmenos
Elyvilon
Fedhas
Gozag
Hepliaklqana
Kikubaaqudgha
Makhleb
Nemelex Xobeh
Okawaru
Qazlal
Sif Muna
Trog
Vehumet
Xom
Yredelemnul
The Shining One

Shops:
D:2 ?


Innate Abilities, Weirdness & Mutations

You are immune to sickness and miasma.
Your stone body is resilient. (AC +4)
You are immune to poison.
You resist negative energy. (rN+)
You are resistant to electric shocks. (rElec)
You are resistant to unholy torment.
You are immune to petrification.


Message History

You closely miss the quokka.
The quokka is moderately wounded.
You kill the quokka!
Vehumet accepts your kill.
You closely miss the hobgoblin. The hobgoblin barely misses you.
A gnoll bouda comes into view. It is wielding a +0 whip.
You hit the hobgoblin but do no damage.
The hobgoblin is poisoned.
The hobgoblin barely misses you.
A gnoll comes into view. It is wielding a +0 halberd.
You closely miss the hobgoblin.
The hobgoblin is moderately wounded.
The hobgoblin hits you but does no damage.
The gnoll barely misses you.
You hit the hobgoblin.
You kill the hobgoblin!
Vehumet accepts your kill. The gnoll misses you.
A gnoll comes into view. It is wielding a +0 spear. x2
The gnoll bouda hits you but does no damage.
The gnoll hits you with a +0 halberd!
You see here a quokka corpse.
The gnoll attacks as you move away! The gnoll misses you.
The gnoll bouda attacks as you move away!
The gnoll bouda closely misses you.
The gnoll hits you from afar with a +0 halberd!
* * * LOW HITPOINT WARNING * * *
Casting: Sandblast (safe; 1% risk of failure)
Confirm with . or Enter, or press ? or * to list all spells.
Aiming: Sandblast (safe; 1% risk of failure)
Press: ? - help, Shift-Dir - straight line, f - gnoll bouda
Aim: a gnoll bouda, wielding a +0 whip and wearing a +0 leather armour (85% to hit)
The blast of sand hits the gnoll bouda but does no damage.
The gnoll bouda gazes fiercely through you!
You feel your attacks grow feeble.
The gnoll bouda hits you but does no damage.
The gnoll barely misses you.
The gnoll hits you from afar with a +0 halberd.
* * * LOW HITPOINT WARNING * * *
The gnoll bouda hits you with a +0 whip!
You die...

##..........#
##^......#.#
#########.# #######
#.# #.....# ##.#
#####.###.# #8.#
#..)).....#
#>.###[###.##..#
##.##8..##.###.##..#
#........).@ggg##g.#
#.........#.###.....#
............# #.##.##
#.....#.#.### #g##.#
##...##.#.. ..#..g
##.# #+#### #.?o. ##
...# .


You could see a gnoll bouda and 2 gnolls.

Vanquished Creatures
  An orc priest (D:4)
  2 gnolls (D:4)
  5 adders
  An ufetubus (D:4)
  3 dart slugs
  7 orcs
  8 ball pythons
  2 bats
  7 endoplasms
  7 goblins
  5 hobgoblins
  3 jackals (D:4)
  2 quokkas
  16 frilled lizards
  5 kobolds
  4 rats
78 creatures vanquished.

Notes
Turn   | Place    | Note
-------+----------+-------------------------------------------
     0 | D:1      | cdecastro the Gargoyle Earth Elementalist began the quest
                  | for the Orb.
     0 | D:1      | Reached XP level 1. HP: 10/10 MP: 3/3
    90 | D:1      | Reached skill level 4 in Earth Magic
   195 | D:1      | Reached XP level 2. HP: 15/15 MP: 0/5
  1242 | D:2      | Reached skill level 5 in Earth Magic
  1242 | D:2      | Reached XP level 3. HP: 19/19 MP: 4/6
  1246 | D:2      | Learned a level 3 spell: Stone Arrow
  1296 | D:2      | Found Ezaoj's Magic Scroll Boutique.
  1328 | D:2      | Bought a scroll of identify for 20 gold pieces
  1328 | D:2      | Bought a scroll of teleportation for 30 gold pieces
  1750 | D:3      | Noticed an eye of devastation
  1752 | D:3      | Noticed a shining eye
  1755 | D:3      | Found a faded altar of an unknown god.
  1757 | D:3      | Noticed a golden eye
  1757 | D:3      | Noticed a golden eye
  1787 | D:3      | Reached XP level 4. HP: 24/24 MP: 5/7
  1931 | D:3      | Reached skill level 6 in Earth Magic
  2532 | D:4      | Found a hazy altar of Hepliaklqana.
  2532 | D:4      | Found a blossoming altar of Fedhas.
  2540 | D:4      | Found a shimmering blue altar of Sif Muna.
  2544 | D:4      | Reached XP level 5. HP: 28/28 MP: 6/8
  2562 | D:4      | Found a faded altar of an unknown god.
  2564 | D:4      | Found a burning altar of Makhleb.
  2604 | D:4      | Found a staircase to the Ecumenical Temple.
  2616 | Temple   | Entered the Ecumenical Temple
  2823 | Temple   | Became a worshipper of Vehumet
  2865 | D:4      | Reached skill level 7 in Earth Magic
  3128 | D:4      | Slain by a gnoll bouda

Illustrated notes

Levels and vault maps discovered:
D:1:      lemuel_arrival_room, layout_basic, minmay_tetromino_s2
D:2:      layout_rooms, serial_shops, shop, minmay_lizard_pond
D:3:      layout_rooms, hellmonk_ecumenical_altar_watching_god
D:4:      layout_loops_corners, ashenzari_altar_1,
          chequers_temple_overflow_minitemple, temple_statues, uniq_natasha
Temple:   nicolae_temple_bog_church

Skill      XL: |  1  2  3  4  5 |
---------------+----------------+-----
Earth Magic    | 4 5 6 7 |  7.4
Dodging        | |  1.5
Stealth        | |  2.1
Spellcasting   | |  2.0
Transmutations | |  0.7

Action                   |  1- 3 |  4- 6 || total
-------------------------+-------+-------++-------
Melee: Whip              |       |     9 ||     9
 Fire: Sling             |    44 |    48 ||    92
 Cast: Sandblast         |    43 |    26 ||    69
Armor: Robe              |    21 |    15 ||    36
Dodge: Dodged            |    19 |    37 ||    56
